[Event "ICC tourney 1983 (45 10)"]
[Site "Internet Chess Club"]
[Date "2020.08.29"]
[Round "2"]
[White "goodcrowdchess"]
[Black "fhunfi"]
[Result "0-1"]
[ICCResult "White checkmated"]
[WhiteElo "1596"]
[BlackElo "1761"]
[Opening "French: Tarrasch, Guimard variation"]
[ECO "C04"]
[NIC "FR.15"]
[Time "13:31:50"]
[TimeControl "2700+10"]

1. e4 e6 2. d4 d5 3. Nd2 Nc6 4. c3 e5 5. dxe5 dxe4 6. Bb5 Qd5 7. Bxc6+ Qxc6
8. Qe2 Bf5 9. Qc4 Qxc4 10. Nxc4 O-O-O 11. Ne2 Ne7 12. Nd4 Bg6 13. Bg5 Re8
14. O-O-O h6 15. Bh4 Nf5 16. Nxf5 Bxf5 17. Bg3 Be7 18. Rhe1 Bg5+ 19. Ne3 Rd8
20. h4 Bxe3+ 21. Rxe3 Rxd1+ 22. Kxd1 Rd8+ 23. Ke2 c6 24. f3 exf3+ 25. gxf3
Be6 26. b3 h5 27. Rd3 Rxd3 28. Kxd3 Kd7 29. Ke4 g6 30. a3 Bxb3 31. Kd4 Bd5
32. Ke3 Ke6 33. Kf4 c5 34. Bf2 b6 35. a4 a5 36. Bg3 Bb3 37. Ke3 Bxa4 38. Kd3
Bd1 39. Ke4 a4 40. Bf4 b5 41. Bc1 b4 42. cxb4 cxb4 43. Bb2 Bc2+ 44. Ke3 Kd5
45. Kd2 Bf5 46. Kc1 Kc4 47. e6 Bxe6 48. Kb1 Kd3 49. f4 Ke4 50. Be5 g5 51.
hxg5 Bf5 52. Bd6 b3 53. Kb2 h4 54. g6 fxg6 55. Ka3 h3 56. Be5 h2 57. Kxa4
h1=Q 58. Kxb3 Be6+ 59. Kb4 Qc1 60. Kb5 Qc4+ 61. Kb6 Bd5 62. f5 Qc6+ 63. Ka5
Bc4 64. Kb4 gxf5 65. Bh2 Kd3 66. Be5 Qb5+ 67. Ka3 Qb3# {White checkmated}
0-1

[Event "ICC tourney 1983 (45 10)"]
[Site "Internet Chess Club"]
[Date "2020.08.29"]
[Round "2"]
[White "kavyameiyappan"]
[Black "jairam09"]
[Result "0-1"]
[ICCResult "White checkmated"]
[WhiteElo "1634"]
[BlackElo "1854"]
[Opening "Caro-Kann defense"]
[ECO "B15"]
[NIC "CK.05"]
[Time "13:31:36"]
[TimeControl "2700+10"]

1. e4 c6 2. d4 d5 3. Nc3 dxe4 4. Nxe4 Nf6 5. Ng3 h5 6. h4 Bg4 7. Be2 Bxe2 8.
N1xe2 e6 9. Bg5 Nbd7 10. Qd3 Bd6 11. O-O-O Qa5 12. a3 b5 13. Bd2 Qb6 14.
Rhe1 a5 15. Bf4 Be7 16. f3 a4 17. c3 c5 18. Be5 Nxe5 19. dxe5 Rd8 20. Qc2
Nd5 21. Qe4 b4 22. c4 bxa3 23. bxa3 Rb8 24. Rd2 Nc7 25. Qc2 Qa5 26. Red1 Rb3
27. Qe4 O-O 28. Nxh5 Rxa3 29. Qg4 g6 30. Nef4 Qc3+ 31. Rc2 Ra1#
{White checkmated}
0-1

[Event "ICC tourney 1983 (45 10)"]
[Site "Internet Chess Club"]
[Date "2020.08.29"]
[Round "2"]
[White "NonnaThat"]
[Black "HarleyQueen8"]
[Result "1-0"]
[ICCResult "Black checkmated"]
[WhiteElo "1929"]
[BlackElo "1712"]
[Opening "Sicilian: Sozin, Leonhardt variation"]
[ECO "B88"]
[NIC "SI.26"]
[Time "13:31:41"]
[TimeControl "2700+10"]

1. e4 c5 2. Nf3 d6 3. d4 cxd4 4. Nxd4 Nf6 5. Nc3 Nc6 6. Bc4 e6 7. O-O Be7 8.
Be3 O-O 9. Bb3 a6 10. f4 Bd7 11. Qf3 Nxd4 12. Bxd4 Bc6 13. Rae1 b5 14. a3 a5
15. g4 b4 16. g5 bxc3 17. gxf6 Bxf6 18. Qxc3 Bxd4+ 19. Qxd4 Rb8 20. Rf2 Qe7
21. Rg2 e5 22. fxe5 dxe5 23. Qc3 Qc7 24. Bd5 Rfc8 25. Bxc6 Qb6+ 26. Kh1 Rxc6
27. Qxe5 Rg6 28. Rxg6 hxg6 29. b3 Rc8 30. Re2 Qa6 31. Rf2 Qa7 32. Kg2 Qa8
33. Qd5 Qa7 34. b4 axb4 35. axb4 Qa4 36. Qxf7+ Kh7 37. Qb3 Qxb3 38. cxb3 Rb8
39. Kg3 Rxb4 40. Rb2 Kg8 41. Kf4 Kf7 42. Ke5 Ke7 43. Kd5 Kd7 44. e5 Rb5+ 45.
Kd4 Ke6 46. b4 Rxe5 47. b5 Kd6 48. b6 Re8 49. h4 Kc6 50. b7 Kc7 51. b8=Q+
Rxb8 52. Rxb8 Kxb8 53. Ke5 Kc7 54. Ke6 Kd8 55. Kf7 Kd7 56. Kxg6 Ke6 57. Kxg7
Kf5 58. h5 Kg5 59. h6 Kf5 60. h7 Kg5 61. h8=Q Kf5 62. Qe8 Kg5 63. Qe5+ Kg4
64. Kg6 Kf3 65. Qd4 Ke2 66. Kf5 Kf3 67. Qd3+ Kg2 68. Kg4 Kf2 69. Qd2+ Kf1
70. Kg3 Kg1 71. Qd1# {Black checkmated} 1-0

[Event "ICC tourney 1983 (45 10)"]
[Site "Internet Chess Club"]
[Date "2020.08.29"]
[Round "2"]
[White "rkanury1"]
[Black "Ben1927829"]
[Result "0-1"]
[ICCResult "White resigns"]
[WhiteElo "1715"]
[BlackElo "1930"]
[Opening "French: Fort Knox variation"]
[ECO "C10"]
[NIC "FR.07"]
[Time "13:31:57"]
[TimeControl "2700+10"]

1. e4 e6 2. d4 d5 3. Nc3 dxe4 4. Nxe4 Bd7 5. Nf3 Bc6 6. Bd3 Nd7 7. Be3 Ngf6
8. Nxf6+ Qxf6 9. Be2 Bd6 10. Qd2 h6 11. c4 Bxf3 12. Bxf3 c6 13. O-O O-O 14.
Rac1 Rfd8 15. Rfd1 c5 16. Bxb7 Rab8 17. Bf3 cxd4 18. Bxd4 Be5 19. Qc3 Bxd4
20. Rxd4 Ne5 21. Rxd8+ Rxd8 22. Be2 Qf4 23. b3 Rd2 24. Rc2 Ng4 25. Qg3 Rxe2
{White resigns}
0-1

[Event "ICC tourney 1983 (45 10)"]
[Site "Internet Chess Club"]
[Date "2020.08.29"]
[Round "2"]
[White "erumaimadugod"]
[Black "ScoutViolet"]
[Result "1-0"]
[ICCResult "Black resigns"]
[WhiteElo "1785"]
[BlackElo "1575"]
[Opening "Giuoco Piano: Möller (Therkatz) attack"]
[ECO "C54"]
[NIC "IG.02"]
[Time "13:32:16"]
[TimeControl "2700+10"]

1. e4 e5 2. Nf3 Nc6 3. Bc4 Bc5 4. c3 Nf6 5. d4 exd4 6. cxd4 Bb4+ 7. Nc3 Nxe4
8. O-O Bxc3 9. d5 Ne5 10. bxc3 Nxc4 11. Qd4 O-O 12. Qxe4 Nd6 13. Qd3 h6 14.
Bf4 Qf6 15. Be5 Qe7 16. Rfe1 f6 17. Bg3 Qf7 18. c4 b6 19. Nd4 Ba6 20. Bxd6
cxd6 21. Qc2 Rfc8 22. Nf5 Rxc4 23. Qd1 Rc5 24. Re7 Rxd5 25. Qg4 Qf8 26.
Rxg7+ Kh8 27. Rg6 Rxf5 28. Qxf5 Re8 29. Rxf6 Qg7 30. Rc1 Bd3 31. Qh5 Re6 32.
Rxe6 dxe6 33. Qf3 Bc4 34. Qa8+ Kh7 35. Qe4+ {Black resigns} 1-0

[Event "ICC tourney 1983 (45 10)"]
[Site "Internet Chess Club"]
[Date "2020.08.29"]
[Round "2"]
[White "Ryan123455"]
[Black "wangfang75"]
[Result "0-1"]
[ICCResult "White resigns"]
[WhiteElo "1710"]
[BlackElo "1893"]
[Opening "Scotch game"]
[ECO "C45"]
[NIC "SO.05"]
[Time "13:31:44"]
[TimeControl "2700+10"]

1. e4 e5 2. Nf3 Nc6 3. d4 exd4 4. Nxd4 Bc5 5. Be3 Nxd4 6. Bxd4 Bxd4 7. Qxd4
Qf6 8. c3 b6 9. Nd2 Bb7 10. Bb5 O-O-O 11. O-O-O c5 12. Qe3 Qe6 13. Nc4 d6
14. Qg3 Qh6+ 15. Rd2 d5 16. exd5 Nf6 17. Kc2 Qg6+ 18. Qxg6 hxg6 19. d6 Bxg2
20. Re1 Ne4 21. d7+ Kc7 22. Rde2 f5 23. Ne5 Nd6 24. Bd3 Rxh2 25. f3 c4 26.
Bxc4 Nxc4 27. Nxc4 Rdh8 28. Rd1 Bxf3 29. d8=Q+ Rxd8 30. Rxh2 Bxd1+ 31. Kc1
Bh5 32. Rg2 Re8 33. Kd2 f4 34. Rf2 g5 {White resigns} 0-1

[Event "ICC tourney 1983 (45 10)"]
[Site "Internet Chess Club"]
[Date "2020.08.29"]
[Round "2"]
[White "TigerSahi"]
[Black "fascimate"]
[Result "0-1"]
[ICCResult "White checkmated"]
[WhiteElo "1570"]
[BlackElo "1787"]
[Opening "QGD: exchange, positional line"]
[ECO "D35"]
[NIC "QO.16"]
[Time "13:31:53"]
[TimeControl "2700+10"]

1. d4 d5 2. c4 e6 3. Nc3 Nf6 4. cxd5 exd5 5. Bg5 Nbd7 6. e3 Be7 7. Nf3 c6 8.
Bd3 O-O 9. O-O Re8 10. Qc2 Nf8 11. Rac1 Bd6 12. e4 Be7 13. e5 N6d7 14. Bf4
h6 15. Rfe1 Ne6 16. Bg3 Qb6 17. Ne2 c5 18. Bf5 Nxd4 19. Nexd4 cxd4 20. e6
Nf8 21. exf7+ Kxf7 22. Ne5+ Kg8 23. Bg6 Nxg6 24. Nxg6 Be6 25. Bc7 Qa6 26.
Qe2 Bb4 27. Qxa6 bxa6 28. Red1 Rac8 29. Bg3 Rxc1 30. Rxc1 d3 31. f3 d2 32.
Ra1 Bf5 33. Ne5 Bc2 34. Nc6 Bc5+ 35. Kf1 Bd3# {White checkmated} 0-1

[Event "ICC tourney 1983 (45 10)"]
[Site "Internet Chess Club"]
[Date "2020.08.29"]
[Round "2"]
[White "vibi"]
[Black "Torsten936"]
[Result "0-1"]
[ICCResult "White resigns"]
[WhiteElo "1581"]
[BlackElo "1736"]
[Opening "English opening"]
[ECO "A05"]
[NIC "QP.11"]
[Time "13:31:56"]
[TimeControl "2700+10"]

1. Nf3 Nf6 2. c4 g6 3. g3 Bg7 4. Bg2 O-O 5. Nc3 c6 6. Rb1 d5 7. cxd5 Nxd5 8.
O-O Bf5 9. Ra1 Qd7 10. Re1 Rd8 11. Qb3 Be6 12. Ng5 Nf4 13. Nxe6 Nxe6 14. d3
Na6 15. Be3 Nd4 16. Qa4 Nc5 17. Qd1 Nce6 18. Rc1 Rac8 19. Qa4 b5 20. Qa5 a6
21. Ne4 c5 22. Bxd4 Bxd4 23. b3 f5 24. Nd2 Qd6 25. Bb7 Rb8 26. Qxa6 Qxa6 27.
Bxa6 Rd6 28. e3 Bf6 29. Bxb5 Rxb5 30. d4 Kf7 31. Nc4 Ra6 32. d5 Ng5 33. Re2
Nf3+ 34. Kg2 Ne5 35. f3 Nxc4 36. Rxc4 Rba5 37. a4 Rb6 38. Rec2 Rxb3 39. e4
Bd4 {White resigns} 0-1

[Event "ICC tourney 1983 (45 10)"]
[Site "Internet Chess Club"]
[Date "2020.08.29"]
[Round "2"]
[White "AJ2000"]
[Black "Almanac2050"]
[Result "0-1"]
[ICCResult "White resigns"]
[WhiteElo "1689"]
[BlackElo "1621"]
[Opening "French: Tarrasch, closed variation"]
[ECO "C05"]
[NIC "FR.16"]
[Time "13:31:47"]
[TimeControl "2700+10"]

1. e4 e6 2. d4 d5 3. Nd2 Nf6 4. e5 Nfd7 5. f4 c5 6. Ngf3 cxd4 7. Nxd4 Nc6 8.
N2b3 Be7 9. Bd3 Nxd4 10. Nxd4 Bc5 11. c3 a6 12. Bc2 b5 13. O-O O-O 14. Kh1
Bb7 15. Rf3 g6 16. Be3 Qe7 17. Bf2 f6 18. exf6 Qxf6 19. Qe2 Rae8 20. Re1 Rf7
21. a4 b4 22. Bd3 bxc3 23. bxc3 e5 24. fxe5 Rxe5 25. Rxf6 Rxe2 26. Rxf7
Rxe1+ 27. Bxe1 Kxf7 28. Bg3 Nb6 29. Bc2 Bc8 30. Kg1 Bd7 31. a5 Nc4 32. Bc7
Ba3 33. Kf2 Bb2 34. Ne2 Bg4 35. Nf4 Be6 36. Ne2 Ke7 37. Bd3 Kd7 38. Bxc4
dxc4 39. Bb6 Bg4 40. Bd4 Bxe2 41. Kxe2 Kc6 42. Kd2 Ba3 43. Ke3 Bd6 44. Bb6
Bxh2 45. Ke4 Bg3 46. Bd8 Kb5 47. Kd5 Be1 48. Kd4 h6 49. Kd5 Bxc3 {White
resigns} 0-1

[Event "ICC tourney 1983 (45 10)"]
[Site "Internet Chess Club"]
[Date "2020.08.29"]
[Round "2"]
[White "Jonjons"]
[Black "pawnpush202044"]
[Result "1/2-1/2"]
[ICCResult "Game drawn by mutual agreement"]
[WhiteElo "1729"]
[BlackElo "1860"]
[Opening "QGD semi-Slav: Stoltz variation"]
[ECO "D45"]
[NIC "SL.08"]
[Time "13:31:43"]
[TimeControl "2700+10"]

1. d4 d5 2. c4 e6 3. Nc3 Nf6 4. Nf3 c6 5. e3 Nbd7 6. Qc2 dxc4 7. Bxc4 b5 8.
Bd3 Bb7 9. e4 a6 10. Bg5 Be7 11. e5 Nd5 12. Bxe7 Qxe7 13. Ne4 Nb4 14. Qd2
Nxd3+ 15. Qxd3 O-O 16. Rc1 Rfd8 17. Qc3 c5 18. Nxc5 Nxc5 19. dxc5 Rac8 20.
b4 Be4 21. Qe3 Bd5 22. O-O Bxa2 23. Ra1 Bc4 24. Rfd1 Rxd1+ 25. Rxd1 Rd8 26.
Rd6 Bd5 27. Qa3 Bb7 28. Qa5 Rc8 29. Qa3 h6 30. Qd3 Bxf3 31. Qxf3 Qc7 32. Qa3
a5 33. bxa5 Qxc5 34. Qxc5 Rxc5 35. f4 b4 36. a6 Ra5 37. Rb6 b3 38. Rxb3 Rxa6
39. Kf2 Ra2+ 40. Kf3 {Game drawn by mutual agreement} 1/2-1/2

[Event "ICC tourney 1983 (45 10)"]
[Site "Internet Chess Club"]
[Date "2020.08.29"]
[Round "2"]
[White "tcao"]
[Black "orwind"]
[Result "1-0"]
[ICCResult "Black checkmated"]
[WhiteElo "1835"]
[BlackElo "1299"]
[Opening "Giuoco Piano"]
[ECO "C50"]
[NIC "IG.02"]
[Time "13:31:42"]
[TimeControl "2700+10"]

1. e4 e5 2. Nf3 Nc6 3. Bc4 Bc5 4. O-O Nf6 5. Re1 O-O 6. d3 h6 7. c3 d6 8.
Nbd2 Bg4 9. h3 Bh5 10. b4 Bb6 11. a4 a5 12. b5 Ne7 13. Nf1 Re8 14. Ng3 Bg6
15. Nh4 Bh7 16. Qb3 Rf8 17. Ra2 Qd7 18. Rd2 Rae8 19. Rdd1 Rd8 20. d4 Qc8 21.
dxe5 dxe5 22. Ba3 Rde8 23. Nf3 Nd7 24. Rxd7 Qxd7 25. Nxe5 Bxf2+ 26. Kxf2
Qd2+ 27. Re2 Qf4+ 28. Nf3 Qf6 29. Bc5 b6 30. Bd4 Qd6 31. Nh5 Qg6 32. Nxg7
Rd8 33. Ne6 fxe6 34. Bxe6+ Rf7 35. Kg1 Rd6 36. Bc4 Qh5 37. Ne5 Nd5 38. Nxf7
Kxf7 39. Bxd5+ Ke7 40. Rf2 Bg6 41. e5 Rd8 42. Bf3 Qg5 43. Qa3+ Ke8 44. Bc6+
Rd7 45. Rf8# {Black checkmated} 1-0

[Event "ICC tourney 1983 (45 10)"]
[Site "Internet Chess Club"]
[Date "2020.08.29"]
[Round "2"]
[White "chessfirelord"]
[Black "chessmilano"]
[Result "1/2-1/2"]
[ICCResult "Game drawn by mutual agreement"]
[WhiteElo "1448"]
[BlackElo "1698"]
[Opening "Nimzo-Indian: Sämisch, main line"]
[ECO "E47"]
[NIC "NI.11"]
[Time "13:31:42"]
[TimeControl "2700+10"]

1. d4 Nf6 2. c4 e6 3. Nc3 Bb4 4. e3 O-O 5. Bd3 c5 6. a3 Bxc3+ 7. bxc3 Nc6 8.
Ne2 d5 9. O-O b6 10. cxd5 exd5 11. Bb2 c4 12. Bc2 Re8 13. Ng3 g6 14. Qe2 Qe7
15. Rae1 a5 16. f3 b5 17. e4 b4 18. e5 bxc3 19. Bxc3 Qxa3 20. Qd2 Nd7 21. f4
Qf8 22. f5 Qg7 23. fxg6 hxg6 24. Rf3 a4 25. Nh5 Qh8 26. Nf6+ Nxf6 27. Rxf6
Re6 28. Rxe6 Bxe6 29. Qg5 Qg7 30. Re3 a3 31. Ba1 a2 32. Qf4 Rb8 33. Qf1 Nb4
34. Ba4 Nd3 35. Bc2 Qf8 36. Bc3 Qa3 37. Ba1 Qb4 38. Bxd3 cxd3 39. Rxd3 Qb1
40. Rd1 Qxd1 41. Qxd1 Rb1 42. Qf1 Kh7 43. Kf2 Rxf1+ 44. Kxf1 Kh6 45. Kf2 Kg5
46. Kf3 Bg4+ 47. Ke3 Kf5 48. h3 Bd1 49. Bc3 Ke6 50. Kd2 Ba4 51. Kc1 Kf5 52.
Kb2 Kf4 53. Kxa2 Kg3 54. Ka3 Bd7 55. Kb4 Kxg2 56. h4 Kf3 57. Kc5 Be6 58. Kd6
Kg4 59. Be1 Kf5 60. Bc3 f6 61. exf6 Kxf6 62. Ba5 Bg8 63. Bd8+ Kf5 64. Bg5
{Game drawn by mutual agreement}
1/2-1/2

[Event "ICC tourney 1983 (45 10)"]
[Site "Internet Chess Club"]
[Date "2020.08.29"]
[Round "2"]
[White "DLWarrior"]
[Black "soggydollar"]
[Result "1-0"]
[ICCResult "Black resigns"]
[WhiteElo "1887"]
[BlackElo "1622"]
[Opening "Queen's pawn: London system"]
[ECO "A45"]
[NIC "QP.07"]
[Time "13:31:51"]
[TimeControl "2700+10"]

1. d4 Nf6 2. Bf4 g6 3. Nc3 Bg7 4. e4 d6 5. Qd2 O-O 6. O-O-O a6 7. h4 b5 8.
f3 Nbd7 9. Bh6 c5 10. h5 cxd4 11. Bxg7 Kxg7 12. Qxd4 Qb6 13. Qd2 b4 14. Nd5
Nxd5 15. exd5 Nf6 16. hxg6 fxg6 17. Qh6+ Kf7 18. Ne2 Qc5 19. Kb1 Bf5 20. Nd4
Qxd5 21. g4 Be6 22. g5 Qxa2+ 23. Kc1 Qa1+ 24. Kd2 Qxb2 25. Nxe6 Qc3+ 26. Ke2
Qxc2+ 27. Rd2 Qc4+ 28. Kf2 Ng4+ 29. Kg1 Qxf1+ 30. Kxf1 Nxh6 31. Nxf8 Nf5 32.
Rxh7+ Kg8 33. Rdh2 Rxf8 34. Rh8+ Kf7 35. Rxf8+ Kxf8 36. Ra2 b3 37. Rxa6 b2
38. Rb6 Ne3+ 39. Ke2 Nc4 40. Rb7 Kf7 41. Kd3 d5 42. Kd4 Ke6 43. f4 Kd6 44.
Rb4 e6 45. Rb8 Kc7 46. Rb3 Kc6 47. Kc3 Kc5 48. Rb8 Ne3 49. Kxb2 d4 50. Rg8
Kc4 51. Kc1 Kc3 52. f5 exf5 53. Rxg6 f4 54. Rc6+ Kd3 55. g6 Ke2 56. g7 d3
57. Rd6 f3 58. g8=Q f2 59. Qa2+ Nc2 60. Re6+ Kf3 61. Rf6+ Ke2 62. Rxf2+ Kxf2
63. Kd2 Kf3 64. Qa8+ {Black resigns} 1-0

[Event "ICC tourney 1983 (45 10)"]
[Site "Internet Chess Club"]
[Date "2020.08.29"]
[Round "3"]
[White "goodcrowdchess"]
[Black "AJ2000"]
[Result "1-0"]
[ICCResult "Black resigns"]
[WhiteElo "1616"]
[BlackElo "1669"]
[Opening "Scotch game"]
[ECO "C45"]
[NIC "SO.05"]
[Time "16:02:23"]
[TimeControl "2700+10"]

1. e4 e5 2. Nf3 Nc6 3. d4 exd4 4. Nxd4 Bc5 5. Nxc6 Qf6 6. Qd2 bxc6 7. Bc4
Ne7 8. Nc3 Bb7 9. O-O O-O 10. Qxd7 Rad8 11. Qxc7 Rd6 12. Qxb7 Rfd8 13. Be3
{Black resigns}
1-0

[Event "ICC tourney 1983 (45 10)"]
[Site "Internet Chess Club"]
[Date "2020.08.29"]
[Round "3"]
[White "kavyameiyappan"]
[Black "GreatAlexanderK"]
[Result "1-0"]
[ICCResult "Black checkmated"]
[WhiteElo "1644"]
[BlackElo "1555"]
[Opening "Giuoco Piano"]
[ECO "C54"]
[NIC "IG.02"]
[Time "16:02:14"]
[TimeControl "2700+10"]

1. e4 e5 2. Nf3 Nc6 3. Bc4 Bc5 4. c3 Nf6 5. d4 exd4 6. cxd4 Bb4+ 7. Bd2
Bxd2+ 8. Nbxd2 d6 9. O-O O-O 10. Re1 d5 11. exd5 Nxd5 12. Ne5 Nb6 13. Nxc6
bxc6 14. Qf3 Qxd4 15. Qxf7+ Rxf7 16. Re8# {Black checkmated} 1-0

[Event "ICC tourney 1983 (45 10)"]
[Site "Internet Chess Club"]
[Date "2020.08.29"]
[Round "3"]
[White "PerpetualForce"]
[Black "WR3311"]
[Result "1/2-1/2"]
[ICCResult "Game drawn by mutual agreement"]
[WhiteElo "1755"]
[BlackElo "1860"]
[Opening "English opening"]
[ECO "A30"]
[NIC "EO.47"]
[Time "16:02:23"]
[TimeControl "2700+10"]

1. Nf3 Nf6 2. c4 c5 3. g3 g6 4. b3 Bg7 5. Bb2 b6 6. Bg2 Bb7 7. O-O O-O 8. d4
cxd4 9. Qxd4 Nc6 10. Qd1 Qc7 11. Nbd2 Rfd8 12. Qc2 d5 13. cxd5 Nxd5 14. Bxg7
Kxg7 15. Qb2+ Kg8 16. Rac1 Rac8 17. Nc4 Qb8 18. Qd2 Nf6 19. Qh6 Nd4 20. Nxd4
Rxd4 21. Qe3 Bxg2 22. Qxd4 Bxf1 23. Rxf1 Rd8 24. Qe3 Qb7 25. Qf3 Qxf3 26.
exf3 {Game drawn by mutual agreement} 1/2-1/2

[Event "ICC tourney 1983 (45 10)"]
[Site "Internet Chess Club"]
[Date "2020.08.29"]
[Round "3"]
[White "Leolix"]
[Black "Natey"]
[Result "1-0"]
[ICCResult "Black checkmated"]
[WhiteElo "1953"]
[BlackElo "1661"]
[Opening "Queen's pawn: London system"]
[ECO "A45"]
[NIC "QP.07"]
[Time "16:02:09"]
[TimeControl "2700+10"]

1. d4 Nf6 2. Bf4 g6 3. Nc3 d5 4. e3 Bg7 5. h4 c5 6. dxc5 Qa5 7. Nf3 Ne4 8.
Be5 Bxe5 9. Nxe5 Nxc3 10. Qd2 Qxc5 11. Qxc3 Qxc3+ 12. bxc3 Nd7 13. Bb5 a6
14. Bxd7+ Bxd7 15. Rd1 Bc6 16. h5 g5 17. Ke2 f6 18. Nxc6 bxc6 19. Rb1 O-O-O
20. Rb6 Kc7 21. Rxa6 Ra8 22. Rxa8 Rxa8 23. Ra1 Ra3 24. Kd3 Kd6 25. f3 e5 26.
h6 c5 27. Rb1 Kc6 28. Rb8 d4 29. exd4 cxd4 30. Rh8 dxc3 31. Rxh7 Ra4 32. Rf7
Rxa2 33. Rxf6+ Kd5 34. Rf8 Ra7 35. Rh8 Ke6 36. h7 Re7 37. Ke4 Kf7 38. Ra8
Rb7 39. h8=Q Rb4+ 40. Ke3 Ke6 41. Qe8+ Kd5 42. Ra5+ Rb5 43. Rxb5+ Kd6 44.
Rb6+ Kc7 45. Rc6+ Kb7 46. Qc8+ Ka7 47. Ra6# {Black checkmated} 1-0

[Event "ICC tourney 1983 (45 10)"]
[Site "Internet Chess Club"]
[Date "2020.08.29"]
[Round "3"]
[White "rpughiii"]
[Black "marinaxiao"]
[Result "1-0"]
[ICCResult "Black resigns"]
[WhiteElo "1655"]
[BlackElo "1392"]
[Opening "Réti opening"]
[ECO "A04"]
[NIC "QP.10"]
[Time "16:02:20"]
[TimeControl "2700+10"]

1. Nf3 c5 2. g3 Nc6 3. Bg2 Nf6 4. O-O e6 5. d3 d5 6. Nbd2 Be7 7. e4 O-O 8.
Qe2 b6 9. e5 Nd7 10. Re1 Bb7 11. h4 Rc8 12. Nf1 Nb4 13. a3 Nc6 14. N1h2 Qc7
15. Bf4 Ba6 16. Ng4 c4 17. d4 Qb7 18. Qe3 b5 19. h5 h6 20. Nxh6+ gxh6 21.
Bxh6 Rfe8 22. Ng5 Nf8 23. Nxf7 Kxf7 24. Qf4+ Kg8 25. Qg4+ Bg5 26. Qxg5+ Kh7
27. Bxf8 Rxf8 28. Qg6+ Kh8 29. Qxe6 Qf7 30. Qxf7 Rxf7 31. Bxd5 Re7 32. c3
Rcc7 33. f4 Rh7 34. Bf3 Bc8 35. g4 Nd8 36. Kf2 Rcf7 37. Ke3 Ne6 38. Bd5 Nxf4
39. Bxf7 Ng2+ 40. Ke4 Nxe1 41. Bg6 Nc2 42. Rf1 Rc7 43. Rf8+ Kg7 44. Bf5 Bb7+
45. d5 Rc5 46. Rd8 Kh6 47. e6 Rc7 48. Rd7 Rxd7 49. exd7 {Black resigns} 1-0

[Event "ICC tourney 1983 (45 10)"]
[Site "Internet Chess Club"]
[Date "2020.08.29"]
[Round "3"]
[White "che2468"]
[Black "omegablitz"]
[Result "0-1"]
[ICCResult "White checkmated"]
[WhiteElo "1478"]
[BlackElo "1721"]
[Opening "Queen's pawn: Chigorin variation"]
[ECO "D00"]
[NIC "QP.08"]
[Time "16:02:24"]
[TimeControl "2700+10"]

1. d4 d5 2. Nc3 Nf6 3. Bf4 e6 4. a3 a6 5. e3 Be7 6. Nf3 O-O 7. Bd3 b6 8. O-O
Bb7 9. Qe2 c5 10. dxc5 bxc5 11. Rad1 Nc6 12. Ne5 Nxe5 13. Bxe5 Qb6 14. b3
Rac8 15. Na4 Qc6 16. Nb2 c4 17. bxc4 dxc4 18. f3 cxd3 19. cxd3 Bxa3 20. Nc4
Bc5 21. d4 Bb4 22. Rc1 Qb5 23. Qa2 Bd5 24. Na3 Bxa2 25. Nxb5 axb5 26. Ra1
Bc4 27. Rfb1 Bc3 28. Ra3 b4 29. Ra7 Ra8 30. Rb7 b3 31. Rc7 Rfc8 32. Rc1 b2
33. Rb1 Rxc7 34. Bxc7 Ra1 35. Bd6 Rxb1+ 36. Kf2 Be1+ 37. Kg1 Bg3#
{White checkmated}
0-1

[Event "ICC tourney 1983 (45 10)"]
[Site "Internet Chess Club"]
[Date "2020.08.29"]
[Round "3"]
[White "jairam09"]
[Black "Mapking1"]
[Result "0-1"]
[ICCResult "White checkmated"]
[WhiteElo "1818"]
[BlackElo "1645"]
[Opening "Queen's pawn: London system"]
[ECO "A45"]
[NIC "QP.07"]
[Time "16:02:10"]
[TimeControl "2700+10"]

1. d4 Nf6 2. Bf4 g6 3. Nc3 d5 4. e3 Bg7 5. h4 c5 6. Bd3 h5 7. Nf3 O-O 8. O-O
a6 9. dxc5 Qa5 10. Qd2 Qxc5 11. e4 dxe4 12. Bxe4 Nxe4 13. Nxe4 Qb6 14. c3
Nc6 15. Bh6 Rd8 16. Qc1 Bf5 17. Ng3 Bg4 18. Qf4 Bxf3 19. gxf3 Qxb2 20. Rab1
Qxc3 21. Rxb7 Bxh6 22. Qxh6 Ne5 23. Qf4 Nxf3+ 24. Kg2 Ne1+ 25. Kh3 Qc8+ 26.
Kh2 Qxb7 27. Rxe1 e6 28. Qh6 Qf3 29. Rg1 Rd1 30. Nxh5 Qxf2+ 31. Rg2 Qxh4#
{White checkmated}
0-1

[Event "ICC tourney 1983 (45 10)"]
[Site "Internet Chess Club"]
[Date "2020.08.29"]
[Round "3"]
[White "HarleyQueen8"]
[Black "chessfirelord"]
[Result "1-0"]
[ICCResult "Black resigns"]
[WhiteElo "1717"]
[BlackElo "1434"]
[Opening "QGD Slav: Dutch variation, main line"]
[ECO "D19"]
[NIC "SL.05"]
[Time "16:02:18"]
[TimeControl "2700+10"]

1. d4 d5 2. c4 c6 3. Nf3 Nf6 4. Nc3 dxc4 5. a4 Bf5 6. e3 e6 7. Bxc4 Bb4 8.
O-O O-O 9. Qe2 Bg6 10. Ne5 Bh5 11. f3 Nbd7 12. Nd3 Be7 13. Rd1 Nb6 14. Bb3
Nbd5 15. e4 Nc7 16. Be3 Na6 17. Nf4 Nb4 18. e5 Bxf3 19. Qxf3 Nfd5 20. Ncxd5
cxd5 21. Nh5 {Black resigns} 1-0

[Event "ICC tourney 1983 (45 10)"]
[Site "Internet Chess Club"]
[Date "2020.08.29"]
[Round "3"]
[White "Almanac2050"]
[Black "karuto2006"]
[Result "0-1"]
[ICCResult "White resigns"]
[WhiteElo "1612"]
[BlackElo "1780"]
[Opening "Giuoco Piano"]
[ECO "C54"]
[NIC "IG.02"]
[Time "16:02:49"]
[TimeControl "2700+10"]

1. e4 e5 2. Nf3 Nc6 3. Bc4 Bc5 4. c3 Nf6 5. d4 exd4 6. cxd4 Bb4+ 7. Bd2 Nxe4
8. Bxb4 Nxb4 9. Bxf7+ Kxf7 10. Qb3+ d5 11. Qxb4 Re8 12. O-O Kg8 13. Nc3 Nf6
14. Qb3 c6 15. Rfe1 h6 16. Rxe8+ Nxe8 17. Re1 Nd6 18. Qc2 Bf5 19. Qc1 Qf6
20. Qf4 Rf8 21. Qe5 Be4 22. Qxf6 Rxf6 23. Ne5 Bf5 24. a3 Re6 25. Kf1 Bc2 26.
Re2 Bb3 27. f3 Nf5 28. Rd2 Nxd4 29. Nd7 Bc4+ 30. Kf2 Nb3 31. Rd1 Re7 32. Nb8
Kf8 {White resigns} 0-1

[Event "ICC tourney 1983 (45 10)"]
[Site "Internet Chess Club"]
[Date "2020.08.29"]
[Round "3"]
[White "michaelxiao"]
[Black "TigerSahi"]
[Result "0-1"]
[ICCResult "White resigns"]
[WhiteElo "1359"]
[BlackElo "1579"]
[Opening "English opening"]
[ECO "A20"]
[NIC "EO.24"]
[Time "16:02:24"]
[TimeControl "2700+10"]

1. c4 e5 2. g3 Bc5 3. Bg2 Nf6 4. Nc3 Nc6 5. d3 d6 6. Nf3 O-O 7. Bg5 h6 8.
Bxf6 Qxf6 9. Ne4 Bb4+ 10. Nfd2 Qe7 11. a3 Ba5 12. b4 Bb6 13. O-O f5 14. Nc3
Bd4 15. Nd5 Qd7 16. Rb1 Ne7 17. Nxe7+ Qxe7 18. Nb3 Bb6 19. e3 Rf6 20. Re1
Rg6 21. d4 a6 22. dxe5 dxe5 23. Qd5+ Kh8 24. Rbd1 Rd6 25. Qf3 e4 26. Qe2
Rxd1 27. Rxd1 Be6 28. Nd4 Bxd4 29. Rxd4 a5 30. f3 axb4 31. axb4 Qxb4 32.
fxe4 fxe4 33. Rxe4 Ra1+ 34. Kf2 Qa5 35. Qd3 Qf5+ 36. Bf3 Ra2+ 37. Ke1 Qxf3
38. Rxe6 Qf2+ 39. Kd1 Qg1+ {White resigns} 0-1

[Event "ICC tourney 1983 (45 10)"]
[Site "Internet Chess Club"]
[Date "2020.08.29"]
[Round "3"]
[White "JGroder"]
[Black "DanielA1926"]
[Result "1-0"]
[ICCResult "Black checkmated"]
[WhiteElo "1727"]
[BlackElo "1498"]
[Opening "Sicilian: Najdorf, Byrne (English) attack"]
[ECO "B90"]
[NIC "SI.14"]
[Time "16:02:11"]
[TimeControl "2700+10"]

1. e4 c5 2. Nf3 d6 3. d4 cxd4 4. Nxd4 Nf6 5. Nc3 a6 6. Be3 e6 7. f3 b5 8. a3
Bb7 9. Qd2 Nbd7 10. O-O-O Be7 11. g4 Nc5 12. h4 Rc8 13. h5 Qc7 14. g5 Nfxe4
15. fxe4 Nxe4 16. Nxe4 Bxe4 17. Rh2 e5 18. Bxb5+ axb5 19. Nxb5 Qd7 20. Nxd6+
Bxd6 21. Qxd6 Qxd6 22. Rxd6 Ke7 23. Rdd2 Rhd8 24. Rxd8 Rxd8 25. Rd2 Rxd2 26.
Kxd2 f5 27. gxf6+ gxf6 28. c4 Kd6 29. b4 f5 30. b5 Kc7 31. a4 f4 32. Bf2 h6
33. c5 Bf3 34. a5 e4 35. Bd4 e3+ 36. Ke1 Bxh5 37. Be5+ Kb7 38. a6+ Ka7 39.
Bxf4 Be8 40. c6 Kb6 41. Bxe3+ Kxb5 42. c7 Bd7 43. a7 Bc6 44. c8=Q h5 45.
Qxc6+ Kxc6 46. a8=Q+ Kd6 47. Qd8+ Kc6 48. Qd4 h4 49. Qc5+ Kd7 50. Bf4 h3 51.
Qd6+ Ke8 52. Bg5 h2 53. Qe7# {Black checkmated} 1-0